 Dungeon Crawl Stone Soup version 0.29-a0-813-g4a14ea37d6 (webtiles) character file.

Game seed: 4400077281777912051

500 gobodom the Magician (level 6, -1/42 HPs)
             Began as a Mummy Necromancer on July 5, 2022.
             Hit by a boomerang thrown by an orc (5 damage)
             ... on level 5 of the Dungeon.
             The game lasted 00:13:46 (4525 turns).

gobodom the Magician (Mummy Necromancer)            Turns: 4525, Time: 00:13:47

Health: -1/42      AC:  2    Str: 12    XL:     6   Next: 94%
Magic:  15/15      EV: 12    Int: 16    God:
Gold:   182        SH:  0    Dex: 12    Spells: 9/17 levels left

rFire   x . .      SeeInvis .   c - +0 dagger (venom)
rCold   + . .      Faith    .   (no shield)
rNeg    + + +      Spirit   .   a - +0 robe
rPois   ∞          Reflect  .   (no helmet)
rElec   .          Harm     .   (no cloak)
rCorr   .          Rampage  .   (no gloves)
Will    .....                   (no boots)
Stlth   ++........              (no amulet)
HPRegen 0.14/turn               h - +4 ring of slaying
MPRegen 0.14/turn               (no ring)

@: no status effects
A: cold resistance 1, negative energy resistance 3, torment resistance 2, heat
vulnerability 1, in touch with death 1, no potions
a: no special abilities


You were on level 5 of the Dungeon.
You visited 1 branch of the dungeon, and saw 5 of its levels.

You collected 182 gold pieces.

Inventory:

Hand Weapons
 c - a +0 dagger of venom (weapon)
 j - a +3 quarterstaff of chaos
Armour
 a - a +0 robe (worn)
 k - a +0 cloak
Jewellery
 h - a +4 ring of slaying (left hand)
Wands
 f - a wand of roots (5)
 i - a wand of flame (19) (quivered)
Scrolls
 b - 2 scrolls of poison
 d - a scroll of enchant armour {unknown}
 e - a scroll of vulnerability
 g - 2 scrolls of teleportation


   Skills:
 + Level 0.7 Fighting
 * Level 0.3 Short Blades
 + Level 2.1 Dodging
 + Level 2.8 Stealth
 + Level 6.1 Spellcasting
 + Level 5.9 Necromancy


You had 9 spell levels left.
You knew the following spells:

 Your Spells              Type           Power      Damage    Failure   Level
a - Necrotise             Necr           100%       1d9       1%          1
b - Vampiric Draining     Necr           36%        2d8       3%          3
c - Animate Dead          Necr           36%        N/A       12%         4

Your spell library contained the following spells:

 Spells                   Type           Power      Damage    Failure   Level
 Poisonous Vapours        Pois/Air       8%         N/A       21%         2
 Agony                    Necr           36%        N/A       32%         5
 Gell's Gravitas          Tloc           4%         N/A       38%         3
 Lesser Beckoning         Tloc           4%         N/A       38%         3
 Summon Guardian Golem    Hex/Summ       4%         N/A       38%         3
 Teleport Other           Tloc           4%         N/A       38%         3
 Corpse Rot               Necr/Pois/Air  16%        N/A       52%         4
 Orb of Destruction       Conj           2%         9d5       100%        7
 Spellforged Servitor     Conj/Summ      2%         N/A       100%        7


Dungeon Overview and Level Annotations

Branches:
Dungeon (4/15)             Temple (0/1) D:4

Altars:
Ashenzari
Cheibriados
Dithmenos
Qazlal
Ru


Innate Abilities, Weirdness & Mutations

You are immune to poison.
Your flesh is cold resistant. (rC+)
You are immune to negative energy. (rN+++)
You are immune to unholy pain and torment.
You are vulnerable to heat. (rF-)
You are in touch with the powers of death.
You do not drink.


Message History

You barely miss the necrophage. You punch the necrophage!
You destroy the necrophage!
Your Dodging skill increases to level 2!
Your Spellcasting skill increases to level 6!
HP restored. 2 yaks come into view.
Found a glowing emerald potion.
The yak bellows!
Found a sedimented silvery potion and a scroll of teleportation.
Found a robe.
A dart slug comes into view.
You open the door. The dart slug launches a dart at you.
The slug dart misses you.
There is an open door here.
The dart slug launches a dart at you. The slug dart misses you.
The dart slug launches a dart at you. The slug dart hits you.
Found a stone staircase leading down.
An orc comes into view. It is wielding a +0 flail.
An orc comes into view. It is wielding a +0 whip.
Found 11 gold pieces.
The orc shouts!
You barely miss the orc. The orc barely misses you.
You barely miss the orc. The orc hits you with a +0 flail.
The yak gores you but does no damage.
You barely miss the orc. The yak gores you! The orc misses you.
The orc shouts!
You hit the orc.
The orc is poisoned.
The orc is heavily wounded.
The yak barely misses you. The orc hits you with a +0 flail!
You hit the orc.
You kill the orc!
The yak gores you!
* * * LOW HITPOINT WARNING * * *
The yak attacks as you move away! The yak gores you.
* * * LOW HITPOINT WARNING * * *
The orc throws a boomerang.
The boomerang hits you.
You die...

### ##.# ..#
#.############.#######
#..o.@.Yw.............
####...#######.#######
#.$.# #.# .....
#...#######.##.#...
+...+......w.......
#...#######....#...
#...# #.#.....[. #####
#.......?.
####'###.#...


You could see a yak, a dart slug and an orc.

Vanquished Creatures
  2 black bears
  A necrophage (D:5)
  A howler monkey (D:4)
  Crazy Yiuf (D:3)
  Natasha (twice) (D:3)
  4 adders
  A worm (D:2)
  5 dart slugs
  4 orcs
  9 ball pythons
  6 endoplasms
  3 giant cockroaches (D:4)
  9 goblins
  7 hobgoblins
  6 jackals
  5 kobolds
  A quokka (D:3)
  4 bats
  6 frilled lizards
  A rat (D:3)
78 creatures vanquished.

Vanquished Creatures (collateral kills)
  A giant cockroach (D:4)
  3 goblins (D:1)
4 creatures vanquished.

Grand Total: 82 creatures vanquished

Notes
Turn   | Place    | Note
-------+----------+-------------------------------------------
     0 | D:1      | gobodom the Mummy Necromancer began the quest for the Orb.
     0 | D:1      | Reached XP level 1. HP: 13/13 MP: 4/4
    59 | D:1      | Reached XP level 2. HP: 19/19 MP: 0/5
   642 | D:1      | Found a faded altar of an unknown god.
   748 | D:1      | Gained mutation: You are in touch with the powers of death.
                  | [Mummy growth]
   748 | D:1      | Reached XP level 3. HP: 22/24 MP: 1/7
   809 | D:1      | Learned a level 3 spell: Vampiric Draining
  1073 | D:2      | Reached skill level 3 in Spellcasting
  2216 | D:3      | Noticed Natasha
  2221 | D:3      | Killed Natasha
  2222 | D:3      | Reached XP level 4. HP: 31/31 MP: 5/9
  2338 | D:3      | Noticed a black bear
  2352 | D:3      | Killed a black bear
  2353 | D:3      | Reached skill level 4 in Spellcasting
  2353 | D:3      | Reached skill level 5 in Necromancy
  2353 | D:3      | Reached XP level 5. HP: 13/36 MP: 0/11
  2551 | D:3      | Found a shadowy altar of Dithmenos.
  3045 | D:3      | Found a runed translucent door.
  3046 | D:3      | Noticed Crazy Yiuf
  3163 | D:3      | Noticed Natasha
  3166 | D:3      | Killed Natasha
  3214 | D:3      | Found a sacrificial altar of Ru.
  3445 | D:3      | Killed Crazy Yiuf
  3446 | D:3      | Reached skill level 5 in Spellcasting
  3737 | D:4      | Reached XP level 6. HP: 33/42 MP: 8/13
  4246 | D:4      | Found a snail-covered altar of Cheibriados.
  4248 | D:4      | Found a broken altar of Ashenzari.
  4249 | D:4      | Found a stormy altar of Qazlal.
  4287 | D:4      | Found a staircase to the Ecumenical Temple.
  4373 | D:4      | You fall into a shaft and drop 1 floor!
  4373 | D:5      | Entered Level 5 of the Dungeon
  4379 | D:5      | Learned a level 4 spell: Animate Dead
  4423 | D:5      | Reached skill level 6 in Spellcasting
  4473 | D:5      | Noticed a yak
  4473 | D:5      | Noticed a yak
  4525 | D:5      | Hit by a boomerang thrown by an orc

Illustrated notes

Levels and vault maps discovered:
D:1:      dpeg_arrival_shrine, layout_rooms, shapermc_ecumenical_altar_pompeii
D:2:      layout_basic, basic_altar, corner_web_ring
D:3:      layout_basic, nicolae_overflow_hidden_temple, lemuel_round_altar,
          dreamdust_princess_bridge, uniq_crazy_yiuf_cottage, uniq_natasha
D:4:      layout_gridville, mainiacjoe_overflow_alcove_3,
          minmay_temple_entry_grid, nicolae_figureground_sparkle
D:5:      layout_basic

Skill      XL: |  1  2  3  4  5  6 |
---------------+-------------------+-----
Spellcasting   | 3 4 5 6 |  6.1
Stealth        | 2 |  2.8
Necromancy     | 5 |  5.9
Dodging        | 2 |  2.1
Fighting       | |  0.7
Short Blades   | |  0.3

Action                   |  1- 3 |  4- 6 || total
-------------------------+-------+-------++-------
Melee: Dagger            |    25 |    14 ||    39
       Punch             |     1 |     2 ||     3
 Cast: Necrotise         |    67 |    58 ||   125
       Vampiric Draining |       |     5 ||     5
Evoke: Wand              |       |     5 ||     5
  Use: Scroll            |     1 |     5 ||     6
 Stab: Distracted        |     1 |       ||     1
Armor: Robe              |     6 |     9 ||    15
Dodge: Dodged            |    21 |    21 ||    42

Table legend: (Time is in decaauts)
 A = Elapsed time spent in this place.
 B = Non-inter-level travel time spent in this place.
 C = Inter-level travel time spent in this place.
 D = Time resting spent in this place.
 E = Time spent auto-exploring this place.
 F = Levels seen in this place.
 G = Mean time per level.
                   A        B        C        D        E       F      G
               +--------+--------+--------+--------+--------+-----+--------+
         Total |   4523 |   4461 |     62 |    694 |   3104 |   5 |  904.6 |
       Dungeon |   4523 |   4461 |     62 |    694 |   3104 |   5 |  904.6 |
               +--------+--------+--------+--------+--------+-----+--------+

Top non-repeatable levels by time:
     D:3: 1507 daAuts
     D:2: 1184 daAuts
     D:1: 1018 daAuts
     D:4: 661 daAuts
     D:5: 151 daAuts
